 Dungeon Crawl Stone Soup version 0.20.0-15-g7f486f2 (webtiles) character file.

179708 tsouns the Fencer (level 18, -1/101 HPs)
             Began as a Vine Stalker Berserker on June 9, 2017.
             Was a High Priest of Trog.
             Slain by Asterion
             ... wielding a +1 morningstar of draining
              (10 damage)
             ... on level 3 of the Elven Halls on June 10, 2017.
             The game lasted 01:20:59 (22027 turns).

tsouns the Fencer (Vine Stalker Berserker)         Turns: 22027, Time: 01:21:01

Health: -1/101     AC: 20    Str: 27    XL:     18   Next: 24%
Magic:  0/8        EV: 15    Int:  5    God:    Trog [*****.]
Gold:   93         SH:  0    Dex: 23    Spells: 17/17 levels left

rFire    . . .     SeeInvis +   t - +6 triple sword (antimagic)
rCold    . . .     Gourm    +   (shield currently unavailable)
rNeg     . . .     Faith    .   x - +1 chain mail of the Chupacabra {Str+4}
rPois    +         Spirit   +   a - +1 helmet {SInv}
rElec    .         Reflect  .   I - +2 cloak
rCorr    .         Harm     .   f - +1 pair of gloves
MR       +++..                  (no boots)
Stlth    ..........             j - amulet of the gourmand
Regen    1.1/turn               q - +1 ring of protection
MPRegen  0.2/turn               X - ring of Ceuskargh {rPois MR+ Int-2 Dex+4}

@: berserk cooldown, slowed, drained, very slow
A: fangs 3, regeneration 2, magic shield, antimagic bite, no potion heal 3, rot
immunity
a: Berserk, Trog's Hand, Brothers in Arms, Burn Spellbooks, Renounce Religion


You were on level 3 of the Elven Halls.
You worshipped Trog.
Trog was extremely pleased with you.
You were very full.

You visited 6 branches of the dungeon, and saw 28 of its levels.
You also visited: Labyrinth.

You collected 2695 gold pieces.
You spent 2602 gold pieces at shops.

Inventory:

Hand Weapons
 t - a +6 antimagic triple sword (weapon)
 B - a +1 great sword of flaming
 H - a +2 scimitar of holy wrath
 L - a +2 great sword of draining
Missiles
 b - 4 throwing nets (quivered)
 F - 55 tomahawks
Armour
 a - a +1 helmet of see invisible (worn)
 f - a +1 pair of gloves (worn)
 v - the +0 pair of gloves of Luicel {+Blink rElec Int+6 Dex-5}
   (You bought it in a shop on level 3 of the Elven Halls)

   It affects your intelligence (+6).
   It affects your dexterity (-5).
   It insulates you from electricity.
   It lets you blink.
 x - the +1 chain mail of the Chupacabra (worn) {Str+4}
   (You bought it in a shop on level 2 of the Orcish Mines)

   It affects your strength (+4).
 I - a +2 cloak (worn)
Jewellery
 j - an amulet of the gourmand (around neck)
 q - a +1 ring of protection (left hand)
 X - the ring of Ceuskargh (right hand) {rPois MR+ Int-2 Dex+4}
   (You bought it in a shop on level 2 of the Orcish Mines)

   [ring of poison resistance]

   It affects your intelligence (-2).
   It affects your dexterity (+4).
   It protects you from poison.
   It affects your resistance to hostile enchantments.
Wands
 i - a wand of scattershot (3/9)
 y - a wand of paralysis (4/24)
 z - a wand of clouds (5/9)
 M - a wand of polymorph (12/24)
 O - a wand of enslavement (11/24)
 Q - a wand of confusion (18/48)
 S - a wand of lightning (10/15)
 W - a wand of iceblast (8/15)
Scrolls
 h - 10 scrolls of teleportation
 k - 6 scrolls of remove curse
 n - 5 scrolls of immolation
 p - 7 scrolls of magic mapping
 r - 3 scrolls of fear
 s - 2 scrolls of fog
 C - a scroll of blinking
Potions
 e - 3 potions of agility
 l - 6 potions of lignification
 m - a potion of flight
 o - a potion of mutation
 u - 5 potions of curing
 w - 3 potions of berserk rage
 A - 3 potions of might
 D - 2 potions of magic
 E - a potion of cancellation
 J - 2 potions of haste
 P - 2 potions of ambrosia
 V - a potion of resistance
Books
 R - a book of the Tempests

   Spells                             Type                      Level
   a - Static Discharge               Conjuration/Air              3
   b - Lightning Bolt                 Conjuration/Air              5
   c - Ignition                       Fire                         8
   d - Tornado                        Air                          9
   e - Shatter                        Earth                        9
   Trog disapproves of the use of such an item.
 T - a book of Fire

   Spells                             Type                      Level
   a - Ignite Poison                  Fire/Transmutation/Poison    3
   b - Fireball                       Conjuration/Fire             5
   c - Bolt of Fire                   Conjuration/Fire             6
   d - Ring of Flames                 Charms/Fire                  7
   e - Ignition                       Fire                         8
   Trog disapproves of the use of such an item.
 U - a book of Clouds

   Spells                             Type                      Level
   a - Poisonous Vapours              Poison/Air                   2
   b - Mephitic Cloud                 Conjuration/Poison/Air       3
   c - Conjure Flame                  Conjuration/Fire             3
   d - Freezing Cloud                 Conjuration/Ice/Air          6
   e - Ring of Flames                 Charms/Fire                  7
   Trog disapproves of the use of such an item.
 Z - a book of Spatial Translocations

   Spells                             Type                      Level
   a - Blink                          Translocation                2
   b - Shroud of Golubria             Charms/Translocation         2
   c - Lesser Beckoning               Translocation                3
   d - Gell's Gravitas                Translocation                3
   e - Teleport Other                 Translocation                3
   f - Passage of Golubria            Translocation                4
   Trog disapproves of the use of such an item.
Miscellaneous
 g - a box of beasts
Comestibles
 c - 12 bread rations
 d - 9 meat rations
 G - a royal jelly
 K - 2 chunks of flesh


   Skills:
 + Level 13.9(12.4) Fighting
 * Level 18.1(16.5) Long Blades
 - Level 9.2(7.9) Armour
 - Level 9.0(7.7) Dodging
 - Level 8.7(7.4) Evocations


You had 17 spell levels left.
You didn't know any spells.

Dungeon Overview and Level Annotations

Branches:
Dungeon (15/15)            Temple (1/1) D:6            Lair (6/6) D:9
 Shoals (0/4) Lair:2        Snake (1/4) Lair:4        Slime (0/5) Lair:5
    Orc (2/2) D:11            Elf (3/3) Orc:2        Vaults (0/5) D:14
 Depths (0/5) D:15

Altars:
Ashenzari
Cheibriados
Dithmenos
Elyvilon
Fedhas
Gozag
Hepliaklqana
Kikubaaqudgha
Makhleb
Nemelex Xobeh
Okawaru
Qazlal
Ru
Sif Muna
Trog
Uskayaw
Vehumet
Xom
Yredelemnul
Zin
The Shining One
Beogh

Shops:
D:8 [   D:9 :(?}   D:10 [   Orc:1 (   Orc:2 *!([   Elf:1 :   Elf:3 ?[

Annotations:
Lair:1 exclusion: 3 oklob plants
Elf:2 3 runed doors
Elf:3 Asterion


Innate Abilities, Weirdness & Mutations

You have razor-sharp teeth.
You heal very quickly.
When hurt, damage is shared between your health and your magic reserves.
Your bite disrupts and absorbs the magic of your enemies.
Potions cannot restore your health.
You are immune to rotting.


Message History

The Executioner hits you! The Executioner completely misses you.
The Executioner barely misses you.
Asterion hits you with a morningstar of draining!!
* * * LOW HITPOINT WARNING * * *
You feel drained. Asterion gores you. Asterion blocks your attack. x2
Asterion is almost dead.
You are no longer berserk.
You are exhausted.
You feel yourself slow down.
The Executioner hits you but does no damage. x2
The Executioner closely misses you.
You slash Asterion! You bite Asterion, but do no damage.
Asterion is almost dead.
The Executioner gestures.
The Executioner seems to speed up.
Asterion hits you with a morningstar of draining!!
* * * LOW HITPOINT WARNING * * *
You feel drained.
You die...

# *,* *,,,,,* *,*
# *,* #..#*** *,*
# *,* #..# *,*
#######.* #..# *,*
........* #..# *,*
########* ##..#
*,* # #...* *,*
#1H#* *,* #.@#
***,* #..# *,,,*
#..# *,***
#########..# *,*
#######..........#
*,*
..).)...#######.##
*,*
#####...........#
*,*
...........######
*,* .####.####.#
*,*


You could see Asterion and an Executioner.

Vanquished Creatures
  Rupert (D:13)
  The ghost of Rakdos the Executioner, an adept MiBe of Trog (Elf:1)
  Frances (D:13)
  Roxanne (D:15)
  A fire giant (D:15)
  Aizul (Elf:3)
  A deep elf demonologist (Elf:2)
  The ghost of 4thArraOfDagon the Severer, a journeyman HOFi of Beogh (D:12)
  A minotaur (Lab)
  An ogre mage (D:15)
  5 hydras
  4 centaur warriors
  2 catoblepae (Lair:6)
  Erica (Orc:1)
  12 dancing weapons
  3 death yaks
  13 two-headed ogres
  A shock serpent (Lair:4)
  6 deep elf knights
  Sonja (Orc:2)
  4 skeletal warriors
  3 unseen horrors
  7 deep elf archers
  2 orc knights
  30 deep elf magi
  3 manticores
  6 cyclopes
  15 ugly things
  A slime creature (Lair:5)
  3 orc sorcerers (Orc:2)
  20 elephants
  5 black mambas
  Joseph (D:7)
  2 torpor snails (Lair:6)
  10 spiny frogs
  2 gargoyles (D:11)
  6 kobold demonologists
  8 komodo dragons
  A rime drake (Lair:2)
  2 trolls
  A merfolk (D:10)
  A polar bear (Lair:4)
  A wolf spider simulacrum (D:15)
  2 hornets
  2 dream sheep (Lair:6)
  A meliai zombie (D:15)
  12 hippogriffs
  13 blink frogs
  A harpy skeleton (D:15)
  Grinder (D:3)
  2 redbacks (Lab)
  A centaur simulacrum (D:14)
  Sigmund (D:2)
  2 shadows
  A wraith (D:14)
  4 water elementals
  4 air elementals
  4 wyverns
  A fire elemental (Elf:3)
  20 yaks
  3 basilisks
  3 vampire mosquitoes (D:13)
  A steam dragon (D:13)
  2 acid dragons (D:11)
  A soldier ant (D:13)
  2 wargs
  3 nagas (Lair:4)
  11 water moccasins
  6 porcupines
  A black bear (D:8)
  32 orc warriors
  3 sky beasts
  A hornet zombie (D:15)
  2 phantoms
  5 ogres
  6 wolves (Lair:6)
  10 centaurs
  9 crocodiles
  10 big kobolds
  5 earth elementals
  22 bullfrogs
  2 gnoll sergeants
  A wyvern zombie (D:14)
  3 scorpions
  8 wights
  An electric eel (D:15)
  5 killer bees (D:8)
  7 howler monkeys
  10 crimson imps
  4 bullfrog zombies
  3 centaur zombies
  3 hounds
  5 centaur skeletons
  4 jellies
  24 orc wizards
  A bullfrog skeleton (D:12)
  22 orc priests
  2 iguanas
  7 worker ants
  A hound skeleton (D:4)
  A hound zombie (D:6)
  A howler monkey zombie (D:8)
  3 worker ant zombies
  9 gnolls
  7 adders
  5 shadow imps
  2 oozes
  3 adder skeletons
  A dart slug (D:2)
  4 leopard geckos
  78 orcs
  4 ball pythons
  9 bats
  3 giant cockroaches
  8 goblins
  11 hobgoblins
  7 jackals
  4 quokkas
  A ball python skeleton (D:4)
  9 frilled lizards
  27 kobolds
  A leopard gecko skeleton (D:4)
  A quokka skeleton (D:4)
  A quokka zombie (D:6)
  9 rats
  A plant (Lair:6)
725 creatures vanquished.

Vanquished Creatures (collateral kills)
  An orc warlord (Orc:2)
  A dire elephant (Lair:6)
  Harold (Lair:1)
  A death yak (Lair:6)
  4 two-headed ogres (D:15)
  An orc high priest (Orc:1)
  A dancing weapon (Elf:3)
  A deep elf mage (Elf:3)
  3 orc sorcerers (Orc:2)
  A spiny frog (Lair:6)
  A komodo dragon (Lair:6)
  A harpy zombie (D:15)
  A warg (Orc:2)
  8 orc warriors
  A bullfrog (Lair:2)
  4 orc priests
  4 orc wizards
  9 orcs
44 creatures vanquished.

Vanquished Creatures (others)
  An orc (Orc:2)
  6 fungi
  4 plants
11 creatures vanquished.

Grand Total: 780 creatures vanquished

Notes
Turn   | Place    | Note
-------+----------+-------------------------------------------
     0 | D:1      | tsouns the Vine Stalker Berserker began the quest for the Orb.
     0 | D:1      | Reached XP level 1. HP: 11/11 MP: 2/2
   332 | D:1      | Reached skill level 3 in Long Blades
   345 | D:1      | Reached XP level 2. HP: 7/16 MP: 1/3
   779 | D:1      | Reached XP level 3. HP: 12/20 MP: 2/4
  1271 | D:2      | Reached ** piety under Trog
  1553 | D:2      | Noticed Sigmund
  1572 | D:2      | Killed Sigmund
  1572 | D:2      | Reached skill level 4 in Long Blades
  1572 | D:2      | Gained mutation: Your natural rate of healing is unusually fast. [Vine Stalker growth]
  1572 | D:2      | Reached XP level 4. HP: 25/25 MP: 5/5
  1572 | D:2      | Reached XP level 5. HP: 29/29 MP: 6/6
  1756 | D:2      | Reached skill level 5 in Long Blades
  1902 | D:2      | Reached XP level 6. HP: 33/33 MP: 7/7
  2268 | D:3      | Noticed Grinder
  2287 | D:3      | Killed Grinder
  2287 | D:3      | Reached XP level 7. HP: 38/38 MP: 8/8
  2461 | D:3      | Reached *** piety under Trog
  2465 | D:3      | Found a blossoming altar of Fedhas.
  2652 | D:4      | Found a glowing silver altar of Zin.
  2745 | D:4      | Received a gift from Trog
  2745 | D:4      | Reached skill level 6 in Long Blades
  2904 | D:4      | Found a sacrificial altar of Ru.
  3115 | D:4      | Reached skill level 5 in Fighting
  3254 | D:4      | Found a glowing golden altar of the Shining One.
  3328 | D:4      | You fall through a shaft for 3 floors!
  3342 | D:7      | Reached skill level 7 in Long Blades
  3402 | D:7      | Found a shimmering altar of Xom.
  3404 | D:7      | Found a shimmering altar of Xom.
  3404 | D:7      | Found a shimmering altar of Xom.
  3405 | D:7      | Found a shimmering altar of Xom.
  3406 | D:7      | Found a shimmering altar of Xom.
  3407 | D:7      | Found a shimmering altar of Xom.
  3421 | D:7      | Gained mutation: You have razor-sharp teeth. [Vine Stalker growth]
  3421 | D:7      | Reached XP level 8. HP: 34/44 MP: 9/9
  3614 | D:6      | Found a staircase to the Ecumenical Temple.
  3615 | D:6      | Found a snail-covered altar of Cheibriados.
  3628 | D:6      | Reached skill level 8 in Long Blades
  3753 | D:5      | Entered Level 5 of the Dungeon
  4502 | Temple   | Entered the Ecumenical Temple
  4531 | D:6      | Reached XP level 9. HP: 42/49 MP: 10/10
  4927 | D:6      | Reached skill level 9 in Long Blades
  5080 | D:6      | Found a burning altar of Makhleb.
  5080 | D:6      | Noticed a cacodemon
  5485 | D:7      | Noticed Joseph
  5497 | D:7      | Killed Joseph
  5843 | D:8      | Found an ancient bone altar of Kikubaaqudgha.
  5905 | D:8      | Found Oxkecoph's Armour Shop.
  5908 | D:8      | Bought a +1 leather armour of cold resistance for 196 gold pieces
  5908 | D:8      | Bought a +0 cloak for 63 gold pieces
  5952 | D:8      | Found a sparkling altar of Nemelex Xobeh.
  6141 | D:8      | Noticed a two-headed ogre
  6159 | D:8      | Killed a two-headed ogre
  6159 | D:8      | Reached skill level 10 in Long Blades
  6457 | D:8      | Reached XP level 10. HP: 55/55 MP: 11/11
  6465 | D:8      | Reached **** piety under Trog
  7001 | D:9      | Found a staircase to the Lair.
  7086 | Lair:1   | Entered Level 1 of the Lair of Beasts
  7186 | Lair:1   | Noticed Harold
  7209 | Lair:1   | Killed Harold
  7260 | Lair:1   | Noticed an eight-headed hydra
  7276 | Lair:1   | Killed an eight-headed hydra
  7276 | Lair:1   | Reached skill level 11 in Long Blades
  7276 | Lair:1   | Reached skill level 1 in Evocations
  7630 | D:9      | Found Vofu's Weapon Boutique.
  7964 | D:9      | Found Lekothrou's Gadget Emporium.
  8002 | D:9      | Found Ronuups's Magic Scroll Boutique.
  8014 | D:9      | Noticed a two-headed ogre
  8031 | D:9      | Found Reriuto's Book Shop.
  8059 | D:9      | Bought a scroll of enchant armour for 105 gold pieces
  8059 | D:9      | Bought a scroll of enchant weapon for 105 gold pieces
  8059 | D:9      | Bought a scroll of enchant weapon for 105 gold pieces
  8059 | D:9      | Bought a scroll of identify for 28 gold pieces
  8059 | D:9      | Bought a scroll of identify for 28 gold pieces
  8059 | D:9      | Bought a scroll of magic mapping for 49 gold pieces
  8157 | D:9      | Found a hide-covered altar of Uskayaw.
  8285 | D:9      | Killed a two-headed ogre
  8285 | D:9      | Reached XP level 11. HP: 11/60 MP: 6/14
  8618 | Lair:1   | Noticed an oklob plant
  8618 | Lair:1   | Noticed an oklob plant
  8618 | Lair:1   | Noticed an oklob plant
  9281 | Lair:2   | Noticed a seven-headed hydra
  9365 | Lair:3   | Found a labyrinth entrance.
  9374 | Lab      | Entered a labyrinth
  9471 | Lab      | Noticed a minotaur
  9477 | Lab      | Killed a minotaur
  9477 | Lab      | Reached skill level 12 in Long Blades
  9840 | Lair:3   | Reached skill level 5 in Evocations
  9911 | Lair:3   | Gained mutation: You heal very quickly. [Vine Stalker growth]
  9911 | Lair:3   | Reached XP level 12. HP: 56/67 MP: 16/16
  9937 | Lair:3   | Reached skill level 13 in Long Blades
 10200 | Lair:6   | Entered Level 6 of the Lair of Beasts
 10207 | Lair:6   | Reached skill level 10 in Fighting
 10332 | Lair:6   | Got a shimmering leather armour
 10343 | Lair:6   | Identified the +5 leather armour of Henotheism {MR- rCorr Int+8} (You found it on level 6 of the Lair of Beasts)
 10376 | Lair:6   | Noticed a seven-headed hydra
 10384 | Lair:6   | Killed a nine-headed hydra
 10469 | Lair:6   | Noticed a catoblepas
 10480 | Lair:6   | Killed a catoblepas
 10694 | Lair:6   | Reached ***** piety under Trog
 10917 | Lair:6   | Reached skill level 14 in Long Blades
 10927 | Lair:6   | Noticed a death yak
 10930 | Lair:6   | Noticed a death yak
 10938 | Lair:6   | HP: 3/102 [death yak (12)]
 10941 | Lair:6   | Killed a death yak
 10941 | Lair:6   | Reached XP level 13. HP: 5/72 MP: 15/19
 10949 | Lair:6   | Noticed a dire elephant
 10953 | Lair:6   | Killed a dire elephant
 11376 | Lair:5   | You fall through a shaft!
 11452 | Lair:5   | Found a staircase to the Slime Pits.
 11559 | Lair:5   | Got a brightly glowing helmet
 11570 | Lair:5   | Identified the cursed -3 helmet of the City {rElec Str+4 Int+4} (You found it on level 5 of the Lair of Beasts)
 12184 | Lair:4   | Found a staircase to the Snake Pit.
 12343 | Lair:4   | Reached skill level 15 in Long Blades
 13347 | Lair:2   | Reached XP level 14. HP: 79/79 MP: 21/21
 13494 | Lair:2   | Found a staircase to the Shoals.
 13763 | D:10     | Entered Level 10 of the Dungeon
 14033 | D:10     | Found Mongoh's Armour Emporium.
 14193 | D:11     | Received a gift from Trog
 14258 | D:11     | Reached skill level 5 in Armour
 14362 | D:11     | Reached skill level 5 in Dodging
 14604 | D:11     | Found a staircase to the Orcish Mines.
 14605 | D:11     | Found a roughly hewn altar of Beogh.
 14952 | D:12     | Noticed 4thArraOfDagon's ghost (journeyman HOFi)
 14961 | D:12     | Killed 4thArraOfDagon's ghost
 15343 | D:11     | Reached XP level 15. HP: 84/84 MP: 7/22
 15344 | D:11     | Reached skill level 16 in Long Blades
 15344 | D:11     | Reached XP level 16. HP: 88/88 MP: 7/23
 15525 | D:12     | Found a burning altar of Makhleb.
 15552 | D:13     | Noticed Frances
 15699 | D:13     | Noticed Rupert
 15708 | D:13     | Killed Rupert
 15720 | D:13     | Killed Frances
 15757 | D:13     | Received a gift from Trog
 16313 | D:14     | Found a gate to the Vaults.
 16501 | D:14     | Reached XP level 17. HP: 60/94 MP: 6/24
 16956 | D:15     | Entered Level 15 of the Dungeon
 16966 | D:15     | Found a shadowy altar of Dithmenos.
 17032 | D:15     | Reached skill level 17 in Long Blades
 17034 | D:15     | Received a gift from Trog
 17173 | D:15     | Found a staircase to the Depths.
 17261 | D:15     | Found an opulent altar of Gozag.
 17643 | D:15     | Noticed Roxanne
 17658 | D:15     | Killed Roxanne
 17659 | D:15     | Identified Roxanne's Almanac of Stones (You took it off Roxanne on level 15 of the Dungeon)
 17820 | Orc:1    | Entered Level 1 of the Orcish Mines
 17820 | Orc:1    | Noticed Erica
 17827 | Orc:1    | Killed Erica
 17970 | Orc:2    | Entered Level 2 of the Orcish Mines
 17970 | Orc:2    | Found a staircase to the Elven Halls.
 18099 | Orc:1    | Found Bygudgh's Antique Weapon Shop.
 18118 | Orc:1    | Received a gift from Trog
 18573 | Orc:2    | Found a roughly hewn altar of Beogh.
 18588 | Orc:2    | Found Iniedyfe's Distillery.
 18598 | Orc:2    | Bought a potion of resistance for 110 gold pieces
 18598 | Orc:2    | Bought a potion of haste for 110 gold pieces
 18598 | Orc:2    | Bought a potion of curing for 33 gold pieces
 18663 | Orc:2    | Found a roughly hewn altar of Beogh.
 18720 | Orc:2    | Noticed Sonja
 18835 | Orc:2    | Killed Sonja
 18982 | Orc:2    | Found a roughly hewn altar of Beogh.
 18987 | Orc:2    | Reached ****** piety under Trog
 18997 | Orc:2    | Found Zuosm's General Store.
 19069 | Orc:2    | Bought the ring of Ceuskargh {rPois MR+ Int-2 Dex+4} for 441 gold pieces
 19069 | Orc:2    | Bought a scroll of identify for 24 gold pieces
 19250 | Orc:2    | Found Beakh's Antique Armour Boutique.
 19251 | Orc:2    | Found a roughly hewn altar of Beogh.
 19257 | Orc:2    | Found Jikhits's Antique Weapon Shop.
 19268 | Orc:2    | Bought a pair of embroidered gloves for 135 gold pieces
 19268 | Orc:2    | Bought a warped chain mail for 171 gold pieces
 19299 | Orc:2    | Identified the +1 chain mail of the Chupacabra {Str+4} (You bought it in a shop on level 2 of the Orcish Mines)
 19358 | Orc:2    | Found a roughly hewn altar of Beogh.
 19421 | Orc:2    | Found a roughly hewn altar of Beogh.
 19464 | Orc:2    | Found a roughly hewn altar of Beogh.
 19784 | Snake:1  | Entered Level 1 of the Snake Pit
 19789 | Lair:4   | Received a gift from Trog
 19957 | Elf:1    | Entered Level 1 of the Elven Halls
 20369 | Elf:1    | Found Wirewiq's Book Emporium.
 20374 | Elf:1    | Noticed Rakdos's ghost (adept MiBe)
 20398 | Elf:1    | Killed Rakdos's ghost
 20413 | Elf:1    | Got an ominously black robe
 20429 | Elf:1    | Identified the +2 robe of Poor Excuses {*Drain rPois rC+ Regen+} (You took it off a deep elf mage on level 1 of the Elven Halls)
 20886 | Elf:2    | Found a runed gate.
 20888 | Elf:2    | Found a runed gate.
 20889 | Elf:2    | Found a runed gate.
 21108 | Elf:2    | Reached XP level 18. HP: 87/101 MP: 7/25
 21137 | Elf:2    | Received a gift from Trog
 21144 | Elf:2    | HP: 5/151 [deep elf archer/uncursed short sword of draining (7)]
 21750 | Elf:3    | Entered Level 3 of the Elven Halls
 21771 | Elf:3    | Found Pepis's Armour Shoppe.
 21788 | Elf:3    | Noticed Aizul
 21794 | Elf:3    | Killed Aizul
 21801 | Elf:3    | Bought a +1 helmet of see invisible for 264 gold pieces
 21812 | Elf:3    | Bought the +0 pair of gloves of Luicel {+Blink rElec Int+6 Dex-5} for 441 gold pieces
 21856 | Elf:3    | Reached skill level 18 in Long Blades
 21941 | Elf:3    | Found Ymink's Magic Scroll Emporium.
 21947 | Elf:3    | Bought a scroll of enchant weapon for 97 gold pieces
 21947 | Elf:3    | Bought a scroll of enchant weapon for 97 gold pieces
 22012 | Elf:3    | Noticed Asterion
 22027 | Elf:3    | Slain by Asterion

Skill      XL: |  1  2  3  4  5  6  7  8  9 10 11 12 13 14 15 16 17 18 |
---------------+-------------------------------------------------------+-----
Long Blades    | 3 4 5 7 8 10 11 12 14 15 16 17 18 | 18.1
Fighting       | 3 4 5 6 7 8 9 10 11 12 13 | 13.9
Armour         | 2 3 4 6 7 8 9 |  9.2
Dodging        | 2 3 4 5 6 7 8 9 |  9.0
Evocations     | 3 5 7 8 |  8.7

Action                   |  1- 3 |  4- 6 |  7- 9 | 10-12 | 13-15 | 16-18 || total
-------------------------+-------+-------+-------+-------+-------+-------++-------
Melee: Falchion          |    85 |    46 |    37 |       |       |       ||   168
       Bite              |    21 |    20 |   118 |   219 |   165 |   387 ||   930
       Long sword        |       |       |   196 |   211 |       |       ||   407
       Scimitar          |       |       |       |   207 |   262 |       ||   469
       Triple sword      |       |       |       |       |   119 |   685 ||   804
       Great sword       |       |       |       |       |       |   112 ||   112
Invok: Berserk           |     3 |     1 |    11 |     8 |     2 |    11 ||    36
       Burn Spellbooks   |       |     1 |       |     2 |     2 |       ||     5
       Trog's Hand       |       |     1 |     1 |     1 |       |     2 ||     5
       Brothers in Arms  |       |       |       |     4 |     1 |     6 ||    11
Evoke: Wand              |       |       |       |    12 |       |     6 ||    18
  Use: Scroll            |       |       |       |    21 |     9 |    11 ||    41
       Potion            |       |       |       |     1 |     2 |       ||     3
 Stab: Sleeping          |     1 |     2 |     3 |       |       |       ||     6
       Confused          |       |       |       |     1 |       |       ||     1
       Petrified         |       |       |       |       |     5 |       ||     5
       Paralysed         |       |       |       |       |       |     1 ||     1
       Distracted        |       |       |       |       |       |     1 ||     1
  Eat: Chunk             |     4 |     3 |    17 |    13 |     8 |    36 ||    81
       Fruit             |       |       |     7 |       |     4 |     7 ||    18
       Royal jelly       |       |       |     3 |     1 |     3 |     1 ||     8
       Bread ration      |       |       |       |     1 |       |     2 ||     3
Armor: Animal skin       |    21 |     1 |       |       |       |       ||    22
       Robe              |       |     5 |    28 |       |       |       ||    33
       Ring mail         |       |       |    14 |   129 |    55 |   194 ||   392
       Leather armour    |       |       |       |    32 |    60 |       ||    92
       Chain mail        |       |       |       |       |       |   141 ||   141
Dodge: Dodged            |    37 |    30 |   137 |   221 |   212 |   520 ||  1157
       Rpst.: Falchion   |    10 |    13 |     7 |       |       |       ||    30
       Long sword        |       |       |    42 |    28 |       |       ||    70
       Scimitar          |       |       |       |    26 |    45 |       ||    71
       Triple sword      |       |       |       |       |    19 |   114 ||   133
       Great sword       |       |       |       |       |       |    21 ||    21
